 Dungeon Sprint DCSS version 0.22-a0-389-g8519d86 (webtiles) character file.

151 raistware the Magician (level 4, -3/33 HPs)
             Began as a Demigod Air Elementalist on Apr 30, 2018.
             Killed from afar by a wretched star (18 damage)
             ... with an orb of energy
             ... in the Dungeon (Sprint V: "Ziggurat Sprint").
             The game lasted 00:08:04 (411 turns).

raistware the Magician (Demigod Air Elementalist)    Turns: 411, Time: 00:08:05

Health: -3/33      AC:  6    Str:  7      XL:     4   Next: 85%
Magic:  7/15       EV: 13    Int: 30 (31) God:
Gold:   0          SH:  8    Dex: 16      Spells: 5/15 levels left

rFire    + . .     SeeInvis +   K - +8 lance "Wyrmbane" {slay drac, rPois rF+ rC+ AC+3}
rCold    + . .     Gourm    .   J - +3 buckler
rNeg     . . .     Faith    .   a - +0 robe
rPois    +         Spirit   .   l - +2 hat {SInv}
rElec    .         Reflect  .   (no cloak)
rCorr    .         Harm     .   (no gloves)
MR       .....     NoTele   +   (no boots)
Stlth    ++........             (no amulet)
HPRegen  0.11/turn              w - +6 ring of intelligence
MPRegen  0.14/turn              x - +6 ring of intelligence

@: no status effects
A: [blurry vision 2], [deformed body], [deterioration 2], [dopey 1], high mp 1,
[screaming 1], [weak 2], [no potion heal 2]
a: no special abilities


You were in the Dungeon.
You were not hungry.

You visited 1 branch

Inventory:

Hand Weapons
 G - a +5 triple crossbow
 K - the +8 lance "Wyrmbane" (weapon) {slay drac, rPois rF+ rC+ AC+3}
   (You found it in the Dungeon)

   It affects your AC (+3).
   It protects you from fire.
   It protects you from cold.
   It protects you from poison.
Missiles
 H - 1000 bolts
Armour
 a - a +0 robe (worn)
 l - a +2 hat of see invisible (worn)
 I - a +3 large shield
 J - a +3 buckler (worn)
Magical Staves
 F - an uncursed staff of energy
 L - a cursed staff of power
Jewellery
 u - a +6 ring of dexterity
 v - a +6 ring of dexterity
 w - a +6 ring of intelligence (left hand)
 x - a +6 ring of intelligence (right hand)
 y - a +6 ring of strength
 z - a +6 ring of strength
 E - an uncursed ring of flight
Wands
 A - a wand of disintegration (7)
 B - a wand of iceblast (7)
 C - a wand of acid (7)
Scrolls
 i - 4 scrolls of blinking
 o - 4 scrolls of amnesia
 p - 7 scrolls of fog
 r - 5 scrolls of identify
 s - 5 scrolls of remove curse
 t - 2 scrolls of fear
Potions
 b - 2 potions of brilliance
 d - 10 potions of curing
 e - 6 potions of heal wounds
 f - 6 potions of haste
 g - 6 potions of magic
 h - 3 potions of berserk rage
 j - 2 potions of invisibility
 k - 4 potions of resistance
 m - 5 potions of agility
 n - 5 potions of might
Miscellaneous
 D - a lightning rod (4/4)
Comestibles
 c - 7 rations


   Skills:
 - Level 2.0 Dodging
 - Level 2.0 Stealth
 - Level 4.3 Shields
 + Level 6.0 Spellcasting
 - Level 4.5 Conjurations
 + Level 5.6 Air Magic


You had 5 spell levels left.
You knew the following spells:

 Your Spells              Type           Power        Failure   Level  Hunger
a - Shock                 Conj/Air       ####         1%          1    None
b - Static Discharge      Conj/Air       #####...     1%          3    None
c - Swiftness             Chrm/Air       ####....     2%          2    None
d - Airstrike             Air            #####.....   5%          4    ###....


Dungeon Overview and Level Annotations

Branches:
Dungeon (1/1)

Annotations:
D 1 transporter


Innate Abilities, Weirdness & Mutations

You have an increased reservoir of magic. (+10% MP)
[Scrolls take you longer to read.]
[Armour fits poorly on your strangely shaped body.]
[Your body often deteriorates upon taking damage.]
[You are dopey. (Int -2)]
[You occasionally shout uncontrollably at your foes.]
[You are very weak. (Str -4)]
[Potions are poor at restoring your health.]


Message History

Confirm with . or Enter, or press ? or * to list all spells.
Aiming: Airstrike (safe; 4% risk of failure)
Press: ? - help, Dir - move target cursor, f/p - wretched star
Aim: a wretched star (heavily damaged)
The air twists around and violently strikes the wretched star!
The wretched star is severely damaged.
The wretched star glows turbulently.
The orb of energy hits you!
Ouch! That really hurt!
* * * LOW HITPOINT WARNING * * *
Your body deteriorates!
You feel dopey.
The orb of energy explodes!
Your system partially rejects the healing.
You feel much better.
Your system partially rejects the healing.
You feel much better.
The wretched star glows turbulently.
The orb of energy hits you!
Ouch! That really hurt!
You die...

▓▓▓▓▓▓▓▓▓▓▓▓▓
▓.8©8.▓.8©8.▓
▓.[|).▓.....▓
▓.....▓.....▓
▓.....▓.....▓
▓.....▓.....▓
▓....*▓..©..▓
▓..©.@▓▓▓▓▓▓▓
▓▓▓▓▓▓▓


You could see a wretched star.

Vanquished Creatures
  2 scorpions (D)
  A crimson imp (D)
  A shadow imp (D)
4 creatures vanquished.

Notes
Turn   | Place    | Note
-------+----------+-------------------------------------------
     0 | D        | Found the +6 Majin-Bo {vamp, Archmagi MP+6 Int+6}
     0 | D        | Found the +7 great mace "Firestarter" {inner flame, rF++}
     0 | D        | raistware the Demigod Air Elementalist began the quest for the Orb.
     0 | D        | Reached XP level 1. HP: 14/14 MP: 5/5
     0 | D        | Found a deep blue altar of Sif Muna.
     0 | D        | Found a sacrificial altar of Ru.
     0 | D        | Found a bloodstained altar of Trog.
     0 | D        | Found a stormy altar of Qazlal.
     0 | D        | Found an iron altar of Okawaru.
     0 | D        | Found a sparkling altar of Nemelex Xobeh.
     0 | D        | Found a blossoming altar of Fedhas.
     2 | D        | Found a transporter.
     2 | D        | Found an ancient bone altar of Kikubaaqudgha.
     2 | D        | Found a viscous altar of Jiyva.
     2 | D        | Found a corrupted altar of Lugonu.
     2 | D        | Found a hazy altar of Hepliaklqana.
     2 | D        | Found a burning altar of Makhleb.
     2 | D        | Found an opulent altar of Gozag.
    19 | D        | Found the +9 heavy crossbow "Sniper" {velocity, Acc+∞ SInv}
    19 | D        | Found the +10 dark maul {crush}
    19 | D        | Found the +15 Maxwell's patent armour {-Cast -Tele rElec MR+ rCorr}
    19 | D        | Found the +18 shield of the Gong {rElec rN+ MR+ EV-5}
    19 | D        | Found the cursed +14 obsidian axe {chop, +Fly SInv *Curse}
    20 | D        | Found the +6 shillelagh "Devastator" {shatter}
    20 | D        | Found the +11 plutonium sword {*Contam Stlth-}
    20 | D        | Found the +8 lance "Wyrmbane" {slay drac, rPois rF+ rC+ AC+3}
    20 | D        | Found the cursed +13 scythe of Curses {drain, *Curse}
    20 | D        | Found the +0 sword of Power
    20 | D        | Found the +11 mace of Variability {chaos}
    20 | D        | Found the +7 Singing Sword
    20 | D        | Found the +7 longbow "Piercer" {penet, EV-2}
    95 | D        | Reached skill level 3 in Spellcasting
    95 | D        | Reached XP level 2. HP: 20/20 MP: 6/9
   123 | D        | Entered arena 2.
   123 | D        | Noticed a scorpion
   123 | D        | Noticed a scorpion
   123 | D        | Found a transporter.
   133 | D        | Killed a scorpion
   133 | D        | Reached skill level 4 in Spellcasting
   133 | D        | Reached XP level 3. HP: 17/26 MP: 7/11
   139 | D        | Killed a scorpion
   139 | D        | Reached skill level 5 in Spellcasting
   139 | D        | Reached XP level 4. HP: 7/33 MP: 2/14
   378 | D        | Learned a level 3 spell: Static Discharge
   381 | D        | Learned a level 2 spell: Swiftness
   386 | D        | Learned a level 4 spell: Airstrike
   386 | D        | Entered arena 3.
   386 | D        | Noticed a wretched star
   386 | D        | Found a transporter.
   399 | D        | Reached skill level 6 in Spellcasting
   399 | D        | Reached skill level 5 in Air Magic
   409 | D        | HP: 1/33 [wretched star/orb of energy (30)]
   411 | D        | Killed from afar by a wretched star

Vault maps used:
D:        sprint_v

Skill      XL: |  1  2  3  4 |
---------------+-------------+-----
Shields        | 3 4 |  4.3
Spellcasting   | 3 4 5 6 |  6.0
Conjurations   | 3 4 |  4.5
Air Magic      | 3 4 5 |  5.6
Dodging        | 2 |  2.0
Stealth        | 2 |  2.0

Action                   |  1- 3 |  4- 6 || total
-------------------------+-------+-------++-------
Melee: Lance             |     7 |     6 ||    13
 Cast: Shock             |     6 |     6 ||    12
       Static Discharge  |       |     3 ||     3
       Airstrike         |       |     2 ||     2
  Use: Potion            |     1 |     5 ||     6
       Scroll            |       |     1 ||     1
Armor: Robe              |     1 |     2 ||     3
Dodge: Dodged            |     8 |     2 ||    10
Block: Buckler           |       |     1 ||     1

Table legend:
 A = Spawn XP
 B = Non-spawn XP
 C = Spawn XP percentage of total XP
 D = Spawn monster count
 E = Non-spawn monster count
 F = Spawn count percentage of total count
 G = Total turns spent on level
                    A         B        C        D         E        F      G
               +---------+---------+-------+---------+---------+-------+---------
         Total |       0 |     201 |   0.0 |       0 |       4 |   0.0 |   411
               +---------+---------+-------+---------+---------+-------+---------
             D |       0 |     201 |   0.0 |       0 |       4 |   0.0 |   411
               +---------+---------+-------+---------+---------+-------+---------
